Map: Orbital Shipyard

Players

Miszu - Winner!

  • Race: Terran Terran
  • League: Grandmaster

IMPERATOR

  • Race: Terran Terran
  • League: Master

VOD

Have the link to the VOD?

Description

Time

  • Played on: Feb. 8, 2016, 9:32 a.m.
  • Length: 2:55
Show
View Real Time Build Order
Export as new Build Order

Miszu Terran - Winner!

Build Orders:  

Get SALT Encoding   

  12  0:01  SCV  
  13  0:13  SCV  
  14  0:17  Supply Depot  
  14  0:25  SCV  
  15  0:30  Refinery  
  15  0:47  Barracks  
  15  0:59  Barracks  
  15  1:05  SCV  
  16  1:21  SCV  
  17  1:39  Barracks Tech Lab  
  16  1:41  Orbital Command  
  16  1:47  Supply Depot, Barracks Tech Lab  
  16  1:57  Concussive Shells  
  16  1:58  Marauder  
  18  2:06  Marauder  
  20  2:10  SCV  
  21  2:19  Marauder  
  23  2:28  Marauder  
  26  2:42  Supply Depot  
Show
View Real Time Build Order
Export as new Build Order

IMPERATOR Terran 

Build Orders:  

Get SALT Encoding   

  12  0:01  SCV  
  13  0:13  SCV  
  14  0:18  Supply Depot  
  14  0:25  SCV  
  15  0:39  SCV  
  16  0:44  Barracks  
  16  0:47  Refinery  
  16  0:53  SCV  
  17  1:05  SCV  
  19  1:22  SCV  
  19  1:24  Barracks  
  19  1:33  Reaper  
  19  1:38  Orbital Command  
  20  1:44  Supply Depot  
  20  1:57  Refinery  
  20  1:58  Bunker  
  20  2:04  Marine  
  20  2:05  SCV  
  22  2:11  Marine  
  22  2:14  Factory  
  23  2:17  SCV  
  24  2:29  SCV  
  24  2:31  Marine  
  23  2:41  SCV  
Tags
 
Add a new tag
Caveats
  • Supply blocks, unpowered buildings, or Contaminate may cause inaccurate times.
  • Supply counts are checked every 10 seconds.